 Dungeon Crawl Stone Soup version 0.30-a0-702-gdf48620a09 (webtiles) character file.

Game seed: 15830178783383646686

224 bande the Covered (level 6, -2/38 HPs)
             Began as a Gargoyle Fighter on Jan 22, 2023.
             Slain by a lemure (7 damage)
             ... led by Pikel
             ... on level 4 of the Dungeon.
             The game lasted 00:04:35 (3226 turns).

bande the Covered (Gargoyle Fighter)                Turns: 3226, Time: 00:04:35

Health: -2/38      AC: 14    Str: 20    XL:     6   Next: 0%
Magic:  6/6        EV:  7    Int:  8    God:
Gold:   124        SH:  5    Dex: 17    Spells: 3/5 levels left

rFire   . . .      SeeInvis .    a - +0 war axe
rCold   . . .      Faith    .    c - +0 buckler
rNeg    + . .      Spirit   .    n - +1 chain mail "Mosuvep" {Dex+6 Stlth+}
rPois   ∞          Reflect  .    (no helmet)
rElec   +          Harm     .    (no cloak)
rCorr   .          Rampage  .    (no gloves)
Will    .....                    (no boots) Stlth
                                 (no amulet)
HPRegen 0.26/turn                (no ring)
MPRegen 0.10/turn                (no ring)

@: no status effects
A: sickness immunity, AC +4, negative energy resistance 1, electricity
resistance, torment resistance 1, petrification resistance
a: no special abilities


You were on level 4 of the Dungeon.
You visited 1 branch of the dungeon, and saw 5 of its levels.

You collected 124 gold pieces.

Inventory:

Hand Weapons
 a - a +0 war axe (weapon)
Armour
 c - a +0 buckler (worn)
 n - the +1 chain mail "Mosuvep" (worn) {Dex+6 Stlth+}
   (You found it on level 3 of the Dungeon)

   Dex:       It affects your dexterity (+6).
   Stlth:     It makes you more stealthy.
 q - a +2 scale mail of fire resistance
 v - the +1 leather armour of Courage {rC+}
   (You found it on level 4 of the Dungeon)

   rC:        It protects you from cold.
Scrolls
 e - 6 scrolls of teleportation {unknown}
 f - a scroll of noise {unknown}
 h - a scroll of amnesia {unknown}
 i - 2 scrolls of blinking {unknown}
 l - a scroll of vulnerability {unknown}
 m - 2 scrolls of identify {unknown}
 s - a scroll of fog {unknown}
 u - a scroll of brand weapon {unknown}
Potions
 b - a potion of flight {unknown}
 d - 5 potions of might
 g - a potion of heal wounds {unknown}
 j - a potion of attraction {unknown}
 k - a potion of degeneration {unknown}
 o - 2 potions of curing {unknown}
 p - a potion of lignification {unknown}
 r - a potion of cancellation {unknown}
 t - a potion of ambrosia {unknown}


   Skills:
 + Level 4.0 Fighting
 + Level 3.9 Axes
 + Level 4.2 Armour
 - Level 0.4 Stealth
 + Level 3.8 Shields
 * Level 1.1 Translocations


You had 3 spell levels left.
You knew the following spells:

 Your Spells              Type           Power      Damage    Failure   Level
a - Blink                 Tloc           2%         N/A       99%         2

Your spell library contained the following spells:

 Spells                   Type           Power      Damage    Failure   Level
 Sting                    Tmut/Pois      0%         1d3       99%         1
 Lesser Beckoning         Tloc           2%         N/A       99%         2
 Momentum Strike          Conj/Tloc      0%         3d8       100%        2
 Poisonous Vapours        Pois/Air       0%         N/A       100%        2
 Olgreb's Toxic Radiance  Pois           0%         N/A       100%        4
 Blade Hands              Tmut           0%         N/A       100%        5
 Irradiate                Conj/Tmut      0%         3d11      100%        5
 Dragon Form              Tmut           0%         N/A       100%        7


Dungeon Overview and Level Annotations

Branches:
Dungeon (5/15)
 Temple: D:4-7

Altars:
Nemelex Xobeh
Sif Muna
The Shining One

Shops:
D:4 (

Annotations:
D:4 Pikel
D:5 Edmund


Innate Abilities, Weirdness & Mutations

You are immune to sickness and miasma.
Your stone body is resilient. (AC +4)
You are immune to poison.
You resist negative energy. (rN+)
You are resistant to electric shocks. (rElec)
You are resistant to unholy torment.
You are immune to petrification.


Message History

You hit the lemure. The lemure barely misses you.
Pikel hits you but does no damage. The lemure hits you.
Pikel hits you with a +2 whip of freezing!
Pikel freezes you.
You closely miss Pikel.
Pikel is lightly wounded.
You hit the lemure. The lemure barely misses you.
Pikel hits you with a +2 whip of freezing!
Pikel freezes you.
You miss Pikel.
Pikel is lightly wounded.
You hit the lemure. The lemure hits you but does no damage.
Pikel hits you with a +2 whip of freezing.
Pikel freezes you.
* * * LOW HITPOINT WARNING * * *
You slash Pikel!
Pikel is heavily wounded.
You barely miss the lemure. The lemure hits you but does no damage.
Pikel hits you but does no damage. You block the lemure's attack.
Pikel hits you with a +2 whip of freezing.
* * * LOW HITPOINT WARNING * * *
Pikel freezes you.
* * * LOW HITPOINT WARNING * * *
You closely miss Pikel.
Pikel is heavily wounded.
You barely miss the lemure. The lemure hits you but does no damage.
Pikel hits you but does no damage.
You barely miss Pikel.
Pikel is heavily wounded.
You closely miss the lemure. The lemure hits you but does no damage.
Pikel hits you but does no damage.
You hit Pikel but do no damage.
Pikel is moderately wounded.
You closely miss the lemure. The lemure hits you but does no damage.
Pikel hits you with a +2 whip of freezing.
* * * LOW HITPOINT WARNING * * *
Pikel freezes you.
* * * LOW HITPOINT WARNING * * *
The lemure hits you!
You die...

.....#.........##...#.#
...............<......###
............##.##....#..##
............##.###..##...##
##)##.<.....##.....##....)##
#.####...#.##..##.........# #.#
#...#.#...#......∩...######
##.######.#.#.#K#................
...##...........@...#.....#######
##.##.###.#......5.###...##
.#.##.# #...######.######.#
#..##.# ###.# #....)...# .[.##.#
#.# ####.##### #...#.# #.# #.#
.###..## #.#########.# ##
##..####...........# #
#....##.#########.#


You could see Pikel and a lemure.

Vanquished Creatures
  2 orc priests (D:4)
  A jelly (D:4)
  An adder (D:2)
  3 worms
  4 dart slugs
  3 orcs (D:4)
  2 endoplasms (D:2)
  12 giant cockroaches
  7 hobgoblins
  2 jackals (D:1)
  13 kobolds
  2 quokkas
  11 ball pythons
  2 bats
  2 frilled lizards
  10 goblins
  9 rats
86 creatures vanquished.

Vanquished Creatures (others)
  An iguana (D:4)
  5 plants (D:2)
6 creatures vanquished.

Grand Total: 92 creatures vanquished

Notes
Turn   | Place    | Note
-------+----------+-------------------------------------------
     0 | D:1      | bande the Gargoyle Fighter began the quest for the Orb.
     0 | D:1      | Reached XP level 1. HP: 14/14 MP: 1/1
    38 | D:1      | Found a faded altar of an unknown god.
    48 | D:1      | Reached XP level 2. HP: 16/19 MP: 2/2
    94 | D:1      | Reached XP level 3. HP: 17/23 MP: 3/3
   702 | D:2      | Reached XP level 4. HP: 28/29 MP: 4/4
  1050 | D:2      | Learned a level 2 spell: Blink
  1232 | D:3      | Found a glowing golden altar of the Shining One.
  1232 | D:3      | Found a sparkling altar of Nemelex Xobeh.
  1427 | D:3      | Identified the +1 chain mail "Mosuvep" {Dex+6 Stlth+}
  2073 | D:4      | Reached XP level 5. HP: 7/33 MP: 5/5
  2543 | D:4      | Found Syotebb's Weapon Emporium.
  2603 | D:4      | Identified the +1 leather armour of Courage {rC+}
  2627 | D:4      | Reached skill level 1 in Translocations
  3076 | D:4      | Found a shimmering blue altar of Sif Muna.
  3087 | D:4      | Reached XP level 6. HP: 35/38 MP: 6/6
  3211 | D:5      | Entered Level 5 of the Dungeon
  3211 | D:5      | Noticed Pikel
  3215 | D:5      | Noticed Edmund
  3226 | D:4      | Slain by a lemure

Illustrated notes

Levels and vault maps discovered:
D:1:      minmay_arrival_four_houses, layout_rooms,
          hellmonk_ecumenical_altar_blasted
D:2:      layout_basic, serial_forest, infiniplex_forest_corner_1,
          infiniplex_forest_corner_1, infiniplex_forest_end_2,
          infiniplex_forest_end_double, infiniplex_forest_join,
          infiniplex_forest_lined_room_2, infiniplex_forest_clump_medium
D:3:      layout_loops_ring, gammafunk_temple_overflow_wave
D:4:      layout_loops_ring, lemuel_round_altar, serial_shops,
          nicolae_shop_bloodbath_and_beyond
D:5:      layout_cave_pools, uniq_edmund, uniq_sigmund, uniq_pikel,
          uniq_menkaure, uniq_ijyb

Skill      XL: |  1  2  3  4  5 |
---------------+----------------+-----
Axes           | 2 3 |  3.9
Armour         | 4 |  4.2
Translocations | 1 |  1.1
Fighting       | 4 |  4.0
Stealth        | |  0.4
Shields        | |  3.8

Action                   |  1- 3 |  4- 6 || total
-------------------------+-------+-------++-------
Melee: War axe           |    98 |   157 ||   255
Armor: Scale mail        |    68 |    28 ||    96
       Chain mail        |       |    46 ||    46
Dodge: Dodged            |    53 |    46 ||    99
Block: Buckler           |    30 |    43 ||    73

Table legend: (Time is in decaauts)
 A = Elapsed time spent in this place.
 B = Non-inter-level travel time spent in this place.
 C = Inter-level travel time spent in this place.
 D = Time resting spent in this place.
 E = Time spent auto-exploring this place.
 F = Levels seen in this place.
 G = Mean time per level.
                   A        B        C        D        E       F      G
               +--------+--------+--------+--------+--------+-----+--------+
         Total |   3324 |   3133 |    191 |    458 |   2010 |   5 |  664.8 |
       Dungeon |   3324 |   3133 |    191 |    458 |   2010 |   5 |  664.8 |
               +--------+--------+--------+--------+--------+-----+--------+

Top non-repeatable levels by time:
     D:4: 1338 daAuts
     D:3: 775 daAuts
     D:2: 645 daAuts
     D:1: 559 daAuts
     D:5: 5 daAuts
